 Dungeon Crawl Stone Soup version 0.27.1 (webtiles) character file.

Game seed: 17909806927589365959

71 pkoi the Ruffian (level 4, -6/39 HPs)
             Began as a Troll Earth Elementalist on Aug 27, 2021.
             Mangled by Crazy Yiuf (12 damage)
             ... on level 2 of the Dungeon.
             The game lasted 00:01:57 (1291 turns).

pkoi the Ruffian (Troll Earth Elementalist)         Turns: 1291, Time: 00:01:58

Health: -6/39      AC:  4    Str: 16    XL:     4   Next: 5%
Magic:  0/4        EV:  9    Int: 12    God:
Gold:   128        SH:  0    Dex: 10    Spells: 2/5 levels left

rFire    . . .     SeeInvis .   g - +7 club
rCold    . . .     Faith    .   (no shield)
rNeg     . . .     Spirit   .   b - +0 robe
rPois    .         Reflect  .   (helmet restricted)
rElec    .         Harm     .   (no cloak)
rCorr    .         Rampage  .   (gloves unavailable)
Will     .....                  (boots unavailable)
Stlth    +.........             (no amulet)
HPRegen  1.13/turn              (no ring)
MPRegen  0.09/turn              (no ring)

@: lethally poisoned (-6 -> -18)
A: large, unfitting armour, claws 3, regeneration 1, shaggy fur 1, tough skin 1
a: no special abilities


You were on level 2 of the Dungeon.
You visited 1 branch of the dungeon, and saw 2 of its levels.

You collected 128 gold pieces.

Inventory:

Hand Weapons
 g - a +7 club (weapon)
Missiles
 c - 72 stones
Armour
 b - a +0 robe (worn)
Wands
 f - a wand of flame (10)
Scrolls
 a - a scroll of teleportation {unknown}
 e - 4 scrolls of identify {unknown}
 i - a scroll of torment {unknown}
 j - a scroll of noise {unknown}
Potions
 d - a potion of degeneration {unknown}
 h - a potion of brilliance {unknown}


   Skills:
 - Level 1.5 Dodging
 - Level 1.0 Stealth
 + Level 3.7 Unarmed Combat
 - Level 1.2 Spellcasting
 + Level 0.6 Transmutations
 + Level 2.7 Earth Magic


You had 2 spell levels left.
You knew the following spells:

 Your Spells              Type           Power      Damage    Failure   Level
a - Sandblast             Erth           14%        2d6       10%         1
b - Passwall              Tmut/Erth      3%         N/A       22%         2

Your spell library contained the following spells:

 Spells                   Type           Power      Damage    Failure   Level
 Stone Arrow              Conj/Erth      6%         3d7       45%         3
 Petrify                  Tmut/Erth      4%         N/A       83%         4


Dungeon Overview and Level Annotations

Branches:
Dungeon (2/15)

Altars:
Vehumet

Annotations:
D:2 Crazy Yiuf


Innate Abilities, Weirdness & Mutations

You are too large for most types of armour.
You have claws for hands.
Your natural rate of healing is unusually fast.
You are covered in fur. (AC +1)
You have tough skin. (AC +1)


Message History

Crazy Yiuf shouts!
Crazy Yiuf laughs, "Defame!"
You open the door.
The blast of sand hits Crazy Yiuf.
Crazy Yiuf is lightly wounded.
Crazy Yiuf hits you with a +4 quarterstaff of chaos!
You are poisoned.
You are too injured to fight recklessly!
You are too injured to fight recklessly!
Casting: Sandblast (safe; 10% risk of failure)
Confirm with . or Enter, or press ? or * to list all spells.
Aiming: Sandblast (safe; 10% risk of failure)
Press: ? - help, Shift-Dir - straight line, f/p - Crazy Yiuf
Aim: Crazy Yiuf, wielding a +4 quarterstaff of chaos and wearing a +0 cloak (lightly wounded, 81% to hit)
The blast of sand misses Crazy Yiuf.
You feel very sick. Crazy Yiuf barely misses you.
Casting: Sandblast (safe; 10% risk of failure)
Confirm with . or Enter, or press ? or * to list all spells.
Aiming: Sandblast (safe; 10% risk of failure)
Press: ? - help, Shift-Dir - straight line, f/p - Crazy Yiuf
Aim: Crazy Yiuf, wielding a +4 quarterstaff of chaos and wearing a +0 cloak (lightly wounded, 81% to hit)
The blast of sand hits Crazy Yiuf but does no damage.
Crazy Yiuf is lightly wounded.
You feel sick.
Crazy Yiuf hits you with a +4 quarterstaff of chaos!
* * * LOW HITPOINT WARNING * * *
You are lethally poisoned!
Unknown command.
Casting: Sandblast (safe; 10% risk of failure)
Confirm with . or Enter, or press ? or * to list all spells.
Aiming: Sandblast (safe; 10% risk of failure)
Press: ? - help, Shift-Dir - straight line, f/p - Crazy Yiuf
Aim: Crazy Yiuf, wielding a +4 quarterstaff of chaos and wearing a +0 cloak (lightly wounded, 81% to hit)
The blast of sand hits Crazy Yiuf.
Crazy Yiuf is lightly wounded.
* * * LOW HITPOINT WARNING * * *
You feel very sick.
Crazy Yiuf hits you with a +4 quarterstaff of chaos!
You die...

#.....#............#
......#.(####......#
....#.#.## #......#
.#.##...# ########
.......##
.......###♣♣♣♣♣
...##..#.#..♣.♣♣♣ ###
..........P..♣..♣#...#
.....#....P.♣♣♣♣@g...#
.....##..#.♣♣ ♣♣#..)#
.....#####♣♣ ###
#....# ####.## #..#
### ##.# #.### #.#
#...# #.# ###.##


You could see Crazy Yiuf.

Vanquished Creatures
  Jessica (D:2)
  An adder (D:2)
  A dart slug (D:1)
  2 ball pythons (D:1)
  8 endoplasms
  3 giant cockroaches
  A hobgoblin (D:2)
  4 jackals (D:1)
  4 bats
  3 frilled lizards (D:1)
  A kobold (D:2)
  2 rats (D:2)
31 creatures vanquished.

Notes
Turn   | Place    | Note
-------+----------+-------------------------------------------
     0 | D:1      | pkoi the Troll Earth Elementalist began the quest for the
                  | Orb.
     0 | D:1      | Reached XP level 1. HP: 16/16 MP: 1/1
   124 | D:1      | Reached skill level 1 in Unarmed Combat
   306 | D:1      | Reached XP level 2. HP: 24/24 MP: 2/2
   379 | D:1      | Reached skill level 2 in Unarmed Combat
   925 | D:2      | Noticed Jessica
   934 | D:2      | Killed Jessica
   935 | D:2      | Reached skill level 3 in Unarmed Combat
   935 | D:2      | Reached XP level 3. HP: 22/31 MP: 0/3
  1037 | D:2      | Reached XP level 4. HP: 39/39 MP: 4/4
  1040 | D:2      | Learned a level 2 spell: Passwall
  1074 | D:2      | Found a radiant altar of Vehumet.
  1177 | D:2      | Found a runed translucent door.
  1178 | D:2      | Noticed Crazy Yiuf
  1291 | D:2      | Mangled by Crazy Yiuf

Illustrated notes

Levels and vault maps discovered:
D:1:      dpeg_arrival_tiny_a, layout_basic
D:2:      layout_rooms, basic_altar, uniq_crazy_yiuf_cottage, uniq_jessica

Skill      XL: |  1  2 |
---------------+-------+-----
Unarmed Combat | 1 3 |  3.7
Dodging        | |  1.5
Stealth        | |  1.0
Spellcasting   | |  1.2
Transmutations | |  0.6
Earth Magic    | |  2.7

Action                   |  1- 3 |  4- 6 || total
-------------------------+-------+-------++-------
Melee: Unarmed           |    43 |       ||    43
       Club              |    13 |     2 ||    15
 Cast: Sandblast         |    12 |     7 ||    19
Armor: Robe              |    17 |     1 ||    18
Dodge: Dodged            |    39 |     2 ||    41
